 Dungeon Crawl Stone Soup version 0.32-a0-172-gc5dd13f2a7 (webtiles) character file.

Game seed: 17569392618593900420

3108 910rd the Zephyrmancer (level 9, -1/73 HPs)
             Began as a Naga Enchanter on Feb 13, 2024.
             Was a Believer of Cheibriados.
             Shot with a sling bullet by Joseph (19 damage)
             ... on level 7 of the Dungeon.
             The game lasted 00:20:57 (8667 turns).

910rd the Zephyrmancer (Naga Enchanter)             Turns: 8667, Time: 00:20:58

Health: -1/73      AC:  5    Str: 23    XL:     9   Next: 90%
Magic:  2/17       EV: 10    Int: 26    God:    Cheibriados [**....]
Gold:   365        SH:  0    Dex: 17    Spells: 7/18 levels left

rFire   . . .        k - +2 dagger (venom)
rCold   + . .        (no shield)
rNeg    . . .        b - +0 robe
rPois   +            (no helmet)
rElec   .            (no cloak)
rCorr   .            E - +0 pair of gloves
SInv    +            (no barding)
Will    +....        (no amulet)
Stlth   +++          f - ring of protection from cold
HPRegen 0.32/turn    n - +6 ring of strength
MPRegen 0.15/turn

%: no passive effects
@: very slow
A: AC +3, large, see invisible, deformed body, poison resistance, slowness 2,
spit poison 1, naga tail 1
a: Spit Poison, Renounce Religion, Bend Time


You were on level 7 of the Dungeon.
You worshipped Cheibriados.
Cheibriados was pleased with you.
You visited 2 branches of the dungeon, and saw 8 of its levels.

You collected 365 gold pieces.

Inventory:

Hand Weapons
 a - a +1 dagger
 e - a +1 rapier of venom
 g - a +0 flail of draining
 k - a +2 dagger of venom (weapon)
 u - a +0 whip of draining
 z - a +0 falchion of holy wrath
 F - a +4 flail of protection
Missiles
 q - 3 poisoned darts
 s - 2 throwing nets
Armour
 b - a +0 robe (worn)
 v - an orb of energy
 x - a +2 leather armour of fire resistance
 D - a +2 kite shield
 E - a +0 pair of gloves (worn)
 H - a +3 leather armour
Magical Staves
 d - a staff of conjuration
Jewellery
 f - a ring of protection from cold (left hand)
 m - a ring of resist corrosion
 n - a +6 ring of strength (right hand)
 r - an amulet of faith
 A - an amulet of the acrobat
Wands
 l - a wand of paralysis (1)
 y - a wand of mindburst (42)
 G - a wand of flame (43)
Scrolls
 h - a scroll of blinking
 j - a scroll of immolation
 o - a scroll of revelation
Potions
 c - 2 potions of invisibility
 i - 2 potions of curing
 p - 3 potions of resistance
 t - 2 potions of attraction {unknown}
 w - a potion of ambrosia {unknown}
 B - a potion of heal wounds {unknown}
 C - 2 potions of might {unknown}


   Skills:
 - Level 2.1 Fighting
 - Level 1.0 Short Blades
 - Level 1.5 Dodging
 - Level 6.0 Stealth
 + Level 5.4 Spellcasting
 + Level 3.0 Hexes
 - Level 5.0 Summonings
 - Level 2.0 Ice Magic
 - Level 9.1 Air Magic
 - Level 5.0 Invocations


You had 7 spell levels left.
You knew the following spells:

 Your Spells              Type           Power      Damage    Failure   Level
a - Ensorcelled Hibernat  Hex/Ice        40%        N/A       4%          2
b - Shock                 Conj/Air       100%       1d9       1%          1
c - Airstrike             Air            26%        2d(4-20)  1%          4
d - Summon Lightning Spi  Summ/Air       43%        N/A       4%          4

Your spell library contained the following spells:

 Spells                   Type           Power      Damage    Failure   Level
 Swiftness                Air            53%        N/A       1%          3
 Confusing Touch          Hex            22%        N/A       6%          3
 Tukima's Dance           Hex            22%        N/A       6%          3
 Blink                    Tloc           14%        N/A       11%         2
 Lesser Beckoning         Tloc           14%        N/A       11%         2
 Momentum Strike          Conj/Tloc      14%        3d8       11%         2
 Dazzling Flash           Conj/Hex       28%        N/A       12%         3
 Gell's Gravitas          Tloc           7%         N/A       22%         3
 Teleport Other           Tloc           7%         N/A       22%         3
 Animate Armour           Summ/Erth      40%        N/A       26%         4
 Lee's Rapid Deconstruct  Erth           3%         3d5*      90%         5


Dungeon Overview and Level Annotations

Branches:
Dungeon (7/15)             Temple (1/1) D:5

Altars:
Ashenzari
Cheibriados
Dithmenos
Elyvilon
Fedhas
Gozag
Hepliaklqana
Kikubaaqudgha
Makhleb
Nemelex Xobeh
Okawaru
Qazlal
Ru
Sif Muna
Trog
Uskayaw
Vehumet
Wu Jian
Xom
Yredelemnul
Zin
The Shining One

Annotations:
D:4 3 runed translucent doors, Bravepunisher's ghost, weakling SpMo; justen's ghost, amateur MiFi; justen's ghost, weakling MiFi
D:5 exclusion: downstairs
D:7 Joseph


Innate Abilities, Weirdness & Mutations

Your serpentine skin is tough. (AC +3)
You have supernaturally acute eyesight. (SInv)
Armour fits poorly on your strangely shaped body.
Your system is resistant to poisons. (rPois)
You cover ground very slowly.
You can spit poison.
You have a snake-like lower body.


Message History

Okay, then.
You feel better.
Casting: Summon Lightning Spire (dangerous; 4% risk of failure)
Confirm with . or Enter, or press ? or * to list all spells.
An electric hum fills the air.
Joseph shoots a sling bullet.
The sling bullet hits your lightning spire!
Casting: Summon Lightning Spire (dangerous; 4% risk of failure)
Confirm with . or Enter, or press ? or * to list all spells.
Aiming: Airstrike (dangerous; 1% risk of failure)
Press: ? - help, Dir - move target, f - Joseph
Aim: Joseph, wielding a +3 sling and wearing a +0 leather armour (ally target, empty space bonus: 3/8)
The air twists around and strikes Joseph!
Joseph is lightly wounded.
Joseph unwields a +3 sling.
Joseph wields a +0 quarterstaff.
Joseph hits your lightning spire with a +0 quarterstaff!
Casting: Airstrike (dangerous; 1% risk of failure)
Confirm with . or Enter, or press ? or * to list all spells.
Aiming: Airstrike (dangerous; 1% risk of failure)
Press: ? - help, Dir - move target, f/p - Joseph
Aim: Joseph, wielding a +0 quarterstaff and wearing a +0 leather armour (lightly wounded, ally target, empty space bonus: 3/8)
The air twists around and strikes Joseph!
Joseph is heavily wounded.
Joseph unwields a +0 quarterstaff.
Joseph wields a +3 sling.
Joseph shoots a sling bullet.
The sling bullet hits your lightning spire!
Your lightning spire is destroyed!
Your lightning spire disappears in a puff of smoke!
Aiming: Paralyse
Press: ? - help, Shift-Dir - straight line, f/p - Joseph
Aim: Joseph, wielding a +3 sling and wearing a +0 leather armour (heavily wounded, chance to affect: 31%) Joseph easily resists.
Joseph shoots a sling bullet.
The sling bullet closely misses you.
Casting: Airstrike (dangerous; 1% risk of failure)
Confirm with . or Enter, or press ? or * to list all spells.
An electric hum fills the air.
Joseph shoots a sling bullet.
The sling bullet hits you!
* * * LOW HITPOINT WARNING * * *
Joseph shoots a sling bullet.
The sling bullet hits you!!
You die...
Cheibriados appreciates the motionlessness of death.

#.##.# #....# #.# #.#####
#.##.# ####.###<# #.# #
#.##.######..<..###.# #
#.##....(......###..# #
#.#########.....##..#####
#.#.## ##.......#.......
#######....####..........###...
...........@...I...............
#######....###@.........####...
#.#.####.#.......## ##..
#.....##.##.....########.
###.#.##.###...##..(.....
#@#.##.# ##'###.#####..
#......# #.# #.# #.. ###.####
#.# #.#####.. @# ##†###.#......
.# ##..†##.#.###.#


You could see Joseph (ally target) and a friendly lightning spire (summoned).

Vanquished Creatures
  Sigmund (D:5)
  Menkaure (D:7)
  Edmund (D:5)
  2 water moccasins
  Duvessa (D:6)
  2 ice beasts
  3 sky beasts
  An ogre (D:4)
  2 centaurs
  4 bullfrogs
  4 scorpions
  2 wights (D:6)
  Dowan (D:6)
  A howler monkey (D:5)
  2 electric eels (D:6)
  A jelly (D:6)
  2 orc priests
  A hound (D:6)
  An iguana (D:4)
  A sleepcap (D:4)
  2 orc wizards
  3 gnolls
  8 adders
  A white imp (D:6)
  4 ufetubi (D:6)
  3 dart slugs
  3 ribbon worms
  11 orcs
  5 ball pythons
  7 endoplasms
  2 giant cockroaches
  8 goblins
  6 hobgoblins
  2 quokkas (D:2)
  3 bats (D:1)
  6 frilled lizards
  10 kobolds
  4 rats
122 creatures vanquished.

Vanquished Creatures (collateral kills)
  2 black bears (D:7)
  2 phantoms (D:6)
  A wight (D:6)
  A nameless horror (D:7)
  A sleepcap (D:7)
  3 orc wizards (D:6)
  3 orcs (D:6)
13 creatures vanquished.

Grand Total: 135 creatures vanquished

Notes
Turn   | Place    | Note
-------+----------+-------------------------------------------
     0 | D:1      | 910rd the Naga Enchanter began the quest for the Orb.
     0 | D:1      | Reached XP level 1. HP: 15/15 MP: 3/3
   130 | D:1      | Reached skill level 5 in Stealth
   157 | D:1      | Reached XP level 2. HP: 24/24 MP: 5/5
   160 | D:1      | Learned a level 2 spell: Ensorcelled Hibernation
   177 | D:1      | Reached skill level 1 in Fighting
   623 | D:1      | Reached XP level 3. HP: 30/32 MP: 6/6
  1104 | D:2      | Reached XP level 4. HP: 36/39 MP: 4/7
  1505 | D:2      | Reached skill level 1 in Ice Magic
  2146 | D:3      | Noticed an ice beast
  2154 | D:3      | Killed an ice beast
  2155 | D:3      | Reached skill level 2 in Air Magic
  2155 | D:3      | Reached XP level 5. HP: 32/45 MP: 8/8
  2157 | D:3      | Learned a level 1 spell: Shock
  2217 | D:3      | Reached skill level 3 in Air Magic
  2284 | D:3      | Reached XP level 6. HP: 17/52 MP: 6/9
  2549 | D:5      | Entered Level 5 of the Dungeon
  2566 | D:5      | Reached skill level 4 in Air Magic
  2689 | D:5      | Found a staircase to the Ecumenical Temple.
  2695 | Temple   | Entered the Ecumenical Temple
  2720 | Temple   | Became a worshipper of Cheibriados the Contemplative
  3108 | D:5      | Reached skill level 5 in Air Magic
  3392 | D:4      | Found a runed translucent gate.
  3392 | D:4      | Found a runed translucent gate.
  3392 | D:4      | Found a runed translucent gate.
  3393 | D:4      | Noticed Bravepunisher's ghost (weakling SpMo)
  3394 | D:4      | Noticed justen's ghost (weakling MiFi)
  3394 | D:4      | Noticed justen's ghost (amateur MiFi)
  3465 | D:4      | Reached XP level 7. HP: 44/60 MP: 5/10
  3577 | D:4      | Reached skill level 6 in Air Magic
  4217 | D:5      | Reached * piety under Cheibriados
  4565 | D:5      | Noticed Edmund
  4576 | D:5      | Killed Edmund
  4577 | D:5      | Reached skill level 7 in Air Magic
  4577 | D:5      | Reached XP level 8. HP: 46/67 MP: 9/11
  4660 | D:5      | Learned a level 4 spell: Airstrike
  4661 | D:5      | Noticed Sigmund
  4670 | D:5      | Killed Sigmund
  4671 | D:5      | Reached skill level 8 in Air Magic
  5661 | D:6      | Noticed Dowan
  5661 | D:6      | Noticed Duvessa
  5672 | D:6      | Reached skill level 9 in Air Magic
  5966 | D:6      | Killed Duvessa
  6037 | D:6      | Killed Dowan
  6268 | D:5      | Learned a level 4 spell: Summon Lightning Spire
  6331 | D:6      | Reached skill level 1 in Summonings
  6434 | D:6      | Reached ** piety under Cheibriados
  6607 | D:6      | Reached XP level 9. HP: 73/73 MP: 10/15
  7012 | D:6      | Reached skill level 5 in Summonings
  7305 | D:6      | Found a burning altar of Makhleb.
  7308 | D:6      | Noticed an Executioner
  7610 | D:6      | Reached skill level 5 in Spellcasting
  8022 | D:7      | Reached skill level 1 in Invocations
  8538 | D:7      | Noticed Menkaure
  8547 | D:7      | Killed Menkaure
  8548 | D:7      | Reached skill level 5 in Invocations
  8655 | D:7      | Noticed Joseph
  8667 | D:7      | Shot with a sling bullet by Joseph

Illustrated notes

Levels and vault maps discovered:
D:1:      pf_arrival_petrified_forest, layout_loops_ring
D:2:      layout_loops_corners
D:3:      wad_pebble_path, layout_loops_cross, hangedman_abyss_or_decor_stabs
D:4:      layout_gridville, gammafunk_ghost_cemetery
D:5:      layout_basic, minmay_temple_entry_arrows, minmay_statues_item,
          sigmund_edmund_badplayer, uniq_sigmund
D:6:      wad_river_or_something, layout_basic, makhleb_altar_promises_db,
          serial_rivers, chequers_serial_rivers_micro_c,
          chequers_serial_rivers_micro_a, chequers_serial_rivers_room_b,
          chequers_serial_rivers_small_b, uniq_duvessa
D:7:      layout_loops_corners, kennysheep_generic_room_15, uniq_maurice,
          uniq_menkaure, uniq_joseph
Temple:   minmay_crystal_snake_temple

Skill      XL: |  1  2  3  4  5  6  7  8  9 |
---------------+----------------------------+-----
Stealth        | 5 6 |  6.0
Fighting       | 2 |  2.1
Ice Magic      | 2 |  2.0
Air Magic      | 2 3 5 7 9 |  9.1
Spellcasting   | 4 5 |  5.4
Summonings     | 2 5 |  5.0
Invocations    | 5 |  5.0
Short Blades   | |  1.0
Dodging        | |  1.5
Hexes          | |  3.0

Action                     |  1- 3 |  4- 6 |  7- 9 || total
---------------------------+-------+-------+-------++-------
  Melee: Dagger            |    46 |    73 |    72 ||   191
   Cast: Ensorcelled Hiber |     7 |    22 |    30 ||    59
         Shock             |       |     2 |       ||     2
         Airstrike         |       |       |    37 ||    37
         Summon Lightning  |       |       |    17 ||    17
Ability: Spit Poison       |    28 |    16 |    14 ||    58
  Evoke: Wand              |       |     6 |     2 ||     8
    Use: Scroll            |       |     4 |    10 ||    14
         Potion            |       |       |     3 ||     3
   Stab: Sleeping          |    11 |     9 |    18 ||    38
         Paralysed         |       |     2 |     3 ||     5
 Armour: Robe              |    26 |    73 |   131 ||   230
  Dodge: Dodged            |    14 |    63 |    95 ||   172

Table legend: (Time is in decaauts)
 A = Elapsed time spent in this place.
 B = Non-inter-level travel time spent in this place.
 C = Inter-level travel time spent in this place.
 D = Time resting spent in this place.
 E = Time spent auto-exploring this place.
 F = Levels seen in this place.
 G = Mean time per level.
                   A        B        C        D        E       F      G
               +--------+--------+--------+--------+--------+-----+--------+
         Total |  11973 |  11395 |    578 |   1567 |   8093 |   8 | 1496.6 |
       Dungeon |  11554 |  11013 |    541 |   1245 |   8093 |   7 | 1650.6 |
        Temple |    419 |    382 |     37 |    322 |      0 |   1 |  419.0 |
               +--------+--------+--------+--------+--------+-----+--------+

Top non-repeatable levels by time:
     D:6: 3160 daAuts
     D:5: 2734 daAuts
     D:4: 1365 daAuts
     D:2: 1263 daAuts
     D:3: 1057 daAuts
     D:7: 1021 daAuts
     D:1: 951 daAuts
  Temple: 419 daAuts
